 Dungeon Crawl Stone Soup version 0.22.1-1-ga44c0e5 (webtiles) character file.

5005 Folque the Grappler (level 10, -5/92 HPs)
             Began as a Troll Hunter on Sept 25, 2018.
             Was a Follower of Uskayaw.
             Slain by an ogre
             ... wielding a +0 giant club
              (18 damage)
             ... on level 10 of the Dungeon.
             The game lasted 00:30:06 (6629 turns).

Folque the Grappler (Troll Hunter)                  Turns: 6629, Time: 00:30:15

Health: -5/92      AC:  9    Str: 23    XL:     10   Next: 29%
Magic:  11/14      EV: 12    Int:  7    God:    Uskayaw [*.....]
Gold:   788        SH:  0    Dex: 12    Spells: 9/9 levels left

rFire    . . .     SeeInvis +     - Unarmed
rCold    + . .     Gourm    +   (no shield)
rNeg     . . .     Faith    .   J - +1 robe {rF+}
rPois    .         Spirit   .   (helmet restricted)
rElec    .         Reflect  .   G - +2 cloak
rCorr    .         Harm     .   (gloves unavailable)
MR       .....                  (boots unavailable)
Stlth    +.........             (no amulet)
HPRegen  0.65/turn              E - ring "Docra" {Ice *Drain +Fly Slay+5}
MPRegen  0.14/turn              F - ring of see invisible

@: lethally poisoned (-5 -> -6)
A: large, unfitting armour, claws 3, fast metabolism 3, gourmand, regeneration
1, shaggy fur 1, tough skin 2
a: Stomp, Renounce Religion, Evoke Flight


You were on level 10 of the Dungeon.
You worshipped Uskayaw.
Uskayaw was noncommittal.
You were completely stuffed.

You visited 2 branches of the dungeon, and saw 11 of its levels.
You also visited: Ossuary.

You collected 788 gold pieces.

Inventory:

Hand Weapons
 a - a +0 short sword
 I - a +2 scimitar of flaming
 M - the cursed +1 falchion of Wumuir {elec, rC- Str+4 Int+6, unknown}
   (You found it on level 8 of the Dungeon)

   Occasionally, upon striking a foe, it will discharge some electrical energy
   and cause terrible harm.
   It affects your strength (+4).
   It affects your intelligence (+6).
   It makes you vulnerable to cold.
   It has a curse placed upon it.
Missiles
 d - a throwing net
 q - a large rock (quivered)
 s - 8 tomahawks
 B - 2 needles of confusion
Armour
 b - a +0 robe
 G - a +2 cloak (worn)
 J - a +1 robe of fire resistance (worn)
Jewellery
 w - an uncursed ring of flight
 y - an uncursed ring of teleportation
 E - the ring "Docra" (left claw) {Ice *Drain +Fly Slay+5}
   (You found it on level 6 of the Dungeon)

   [ring of ice]

   It enhances your ice magic.
   It affects your accuracy and damage with ranged weapons and melee attacks
   (+5).
   It makes you vulnerable to fire.
   It protects you from cold.
   It lets you fly.
   It causes draining when unequipped.
 F - a ring of see invisible (right claw)
Wands
 p - a wand of disintegration (13)
 x - a wand of flame (41)
 N - a wand of digging (2)
 Q - a wand of polymorph (17)
Scrolls
 c - a scroll of noise {unknown}
 e - 5 scrolls of amnesia {unknown}
 g - 8 scrolls of teleportation {unknown}
 h - 4 scrolls of enchant weapon {unknown}
 j - a scroll of fog {unknown}
 l - 9 scrolls of remove curse
 m - 9 scrolls of identify
 z - 3 scrolls of enchant armour {unknown}
 A - a scroll of magic mapping {unknown}
 C - 2 scrolls of random uselessness {unknown}
 H - 3 scrolls of blinking {unknown}
Potions
 i - 2 potions of invisibility {unknown}
 k - 2 potions of flight
 n - 3 potions of brilliance {unknown}
 o - 5 potions of heal wounds {unknown}
 r - 2 potions of degeneration {unknown}
 t - a potion of lignification {unknown}
 u - 2 potions of cancellation {unknown}
 v - 8 potions of curing
 D - a potion of agility {unknown}
 K - a potion of might {unknown}
 L - a potion of magic {unknown}
 O - 2 potions of resistance {unknown}
Comestibles
 f - 18 rations
 P - 8 chunks of flesh


   Skills:
 - Level 4.1 Fighting
 - Level 5.3 Throwing
 - Level 6.2 Dodging
 - Level 0.3 Stealth
 + Level 8.4 Unarmed Combat
 * Level 7.5 Invocations


You had 9 spell levels left.
You didn't know any spells.
Your spell library contained the following spells:

 Spells                   Type           Power        Failure   Level  Hunger
 Beastly Appendage        Tmut           #.....       43%         1    ##.....
 Magic Dart               Conj           #...         43%         1    ##.....
 Searing Ray              Conj           #.....       56%         2    ###....
 Sticks to Snakes         Tmut           #.......     56%         2    ###....
 Dazzling Spray           Conj/Hex       #.....       80%         3    ####...
 Spider Form              Tmut/Pois      #.........   80%         3    ####...
 Force Lance              Conj/Tloc      #.......     99%         4    #####..
 Fulminant Prism          Conj/Hex       #.........   99%         4    #####..
 Ice Form                 Ice/Tmut       #.......     99%         4    #####..
 Iskenderun's Mystic Bla  Conj           #.......     99%         4    #####..
 Blade Hands              Tmut           #.........   100%        5    ######.


Dungeon Overview and Level Annotations

Branches:
Dungeon (9/15)             Temple (1/1) D:6            Lair (0/6) D:8
    Orc: D:9-12

Altars:
Ashenzari
Cheibriados
Dithmenos
Elyvilon
Fedhas
Gozag
Hepliaklqana
Kikubaaqudgha
Makhleb
Nemelex Xobeh
Okawaru
Qazlal
Ru
Sif Muna
Trog
Uskayaw
Vehumet
Wu Jian
Xom
Yredelemnul
Zin
The Shining One

Shops:
D:4 }   D:7 *   D:10 [


Innate Abilities, Weirdness & Mutations

You are too large for most types of armour.
You have claws for hands.
Your metabolism is lightning-fast.
You like to eat raw meat.
Your natural rate of healing is unusually fast.
You are covered in fur. (AC +1)
You have very tough skin. (AC +2)


Message History

The killer bee stings you!
* * * LOW HITPOINT WARNING * * *
The killer bee misses you. The killer bee barely misses you.
The killer bee misses you. The killer bee stings you.
* * * LOW HITPOINT WARNING * * *
The killer bee stings you.
* * * LOW HITPOINT WARNING * * *
The killer bee closely misses you. x2
A worker ant comes into view.
The ogre barely misses you. The killer bee closely misses you. x2
The killer bee misses you. The killer bee barely misses you.
A killer bee comes into view.
It was a potion of curing.
You feel better.
The killer bee buzzes angrily.
The killer bee closely misses you. The killer bee stings you!
* * * LOW HITPOINT WARNING * * *
You are poisoned.
The killer bee poisons you! The killer bee misses you. x3
The ogre hits you with a giant club!!
You die...

...............#
....†).......).#
....)..........# #
...............## G.
................## ...
.................## ....
..................####...#
........>........y....a..#
................@y..###.##
...............Oyy..y#
.................(......#
.......................(#
...###...................#
...# #...................#
...###.....................
...........................
..........................


You could see an ogre, a worker ant (wandering) and 5 killer bees.

Vanquished Creatures
  Erica (D:8)
  A hippogriff (D:10)
  Sigmund (D:3)
  A water moccasin (D:10)
  A porcupine (D:8)
  2 ice beasts (D:5)
  2 orc warriors
  A sky beast (D:6)
  5 phantoms
  2 black bears (D:8)
  A centaur (D:8)
  3 ogres
  A big kobold (D:10)
  7 bullfrogs
  2 gnoll sergeants (D:10)
  3 scorpions
  A water moccasin skeleton (D:4)
  A killer bee (D:10)
  3 crimson imps
  2 bullfrog zombies
  A centaur zombie (D:6)
  3 jellies
  5 orc priests
  3 bullfrog skeletons
  A gnoll shaman (D:10)
  8 hounds
  6 orc wizards
  A centaur skeleton (D:4)
  5 worker ants
  8 mummies (Ossuary)
  A hound skeleton (D:6)
  A worker ant zombie (D:8)
  13 gnolls
  6 adders
  A shadow imp (D:5)
  An ooze (D:1)
  An adder skeleton (D:5)
  5 worms
  4 dart slugs
  5 leopard geckos
  27 orcs
  2 ball pythons (D:1)
  3 giant cockroaches
  2 gnoll zombies (Ossuary)
  5 goblins
  6 hobgoblins
  7 jackals
  2 quokkas
  A ball python skeleton (D:4)
  10 bats
  3 frilled lizards
  2 hobgoblin zombies (Ossuary)
  13 kobolds
  A kobold zombie (Ossuary)
  3 orc zombies (Ossuary)
  A quokka zombie (D:5)
  7 rats
215 creatures vanquished.

Vanquished Creatures (others)
  A fungus (D:8)
1 creature vanquished.

Grand Total: 216 creatures vanquished

Notes
Turn   | Place    | Note
-------+----------+-------------------------------------------
     0 | D:1      | Folque the Troll Hunter began the quest for the Orb.
     0 | D:1      | Reached XP level 1. HP: 19/19 MP: 0/0
     4 | D:1      | Noticed an electric eel
     4 | D:1      | Noticed an electric eel
    90 | D:1      | Reached XP level 2. HP: 27/28 MP: 1/1
   328 | D:1      | Reached skill level 1 in Unarmed Combat
   431 | D:1      | Reached XP level 3. HP: 30/35 MP: 2/2
   896 | D:2      | Reached skill level 2 in Unarmed Combat
   896 | D:2      | Reached XP level 4. HP: 38/42 MP: 3/3
  1399 | D:3      | Reached skill level 3 in Unarmed Combat
  1464 | D:3      | Reached XP level 5. HP: 36/49 MP: 4/4
  1948 | D:3      | Reached skill level 4 in Unarmed Combat
  2020 | D:3      | Noticed Sigmund
  2039 | D:3      | Killed Sigmund
  2039 | D:3      | Reached XP level 6. HP: 25/57 MP: 5/5
  2322 | D:4      | Reached XP level 7. HP: 62/65 MP: 6/6
  2384 | D:4      | Reached skill level 5 in Unarmed Combat
  2625 | D:4      | Found Zaguejau's Gadget Boutique.
  2834 | D:4      | Reached skill level 5 in Throwing
  3405 | D:5      | Entered Level 5 of the Dungeon
  3412 | D:5      | Found a glowing golden altar of the Shining One.
  3412 | D:5      | Found a bloodstained altar of Trog.
  3503 | D:5      | Found a hide-covered altar of Uskayaw.
  3522 | D:5      | Became a worshipper of Uskayaw the Reveler
  3529 | D:5      | Reached * piety under Uskayaw
  3571 | D:5      | Reached XP level 8. HP: 72/72 MP: 7/7
  3571 | D:5      | Reached ** piety under Uskayaw
  3677 | D:5      | Reached skill level 1 in Invocations
  3680 | D:5      | Reached *** piety under Uskayaw
  3764 | D:5      | Reached skill level 5 in Dodging
  3764 | D:5      | Reached skill level 6 in Unarmed Combat
  4427 | D:6      | Got a clouded wooden ring
  4451 | D:6      | Found a blossoming altar of Fedhas.
  4568 | D:6      | Found a staircase to the Ecumenical Temple.
  4577 | Temple   | Entered the Ecumenical Temple
  4655 | D:6      | Found a stormy altar of Qazlal.
  4757 | D:7      | Found Ycitaf's Assorted Antiques.
  4820 | D:7      | Reached XP level 9. HP: 72/79 MP: 11/11
  4966 | D:7      | Identified the ring "Docra" {Ice *Drain +Fly Slay+5} (You
                  | found it on level 6 of the Dungeon)
  5039 | D:7      | Reached skill level 7 in Unarmed Combat
  5174 | D:7      | Found a sacrificial altar of Ru.
  5174 | D:7      | Found a white marble altar of Elyvilon.
  5201 | D:8      | Noticed Erica
  5205 | D:8      | Killed Erica
  5205 | D:8      | Reached skill level 5 in Invocations
  5244 | D:8      | Found a sand-covered staircase.
  5253 | Ossuary  | Entered an ossuary
  5279 | Ossuary  | Reached **** piety under Uskayaw
  5290 | Ossuary  | Reached ***** piety under Uskayaw
  5479 | D:8      | Got a crude falchion
  5490 | D:8      | Found an ornate altar of the Wu Jian Council.
  5610 | D:8      | Found a staircase to the Lair.
  5696 | D:8      | Reached XP level 10. HP: 91/92 MP: 13/13
  5739 | D:8      | Reached skill level 8 in Unarmed Combat
  5861 | D:8      | Found an opulent altar of Gozag.
  6018 | D:8      | Found a snail-covered altar of Cheibriados.
  6337 | D:9      | You fall through a shaft!
  6337 | D:10     | Entered Level 10 of the Dungeon
  6401 | D:10     | Reached ****** piety under Uskayaw
  6465 | D:10     | Found Rahicuclogg's Armour Emporium.
  6629 | D:10     | Slain by an ogre

Skill      XL: |  1  2  3  4  5  6  7  8  9 10 |
---------------+-------------------------------+-----
Dodging        | 2 3 4 5 6 |  6.2
Fighting       | 2 3 4 |  4.1
Unarmed Combat | 1 2 3 4 5 6 7 8 |  8.4
Throwing       | 4 5 |  5.3
Invocations    | 4 6 7 |  7.5
Stealth        | |  0.3

Action                   |  1- 3 |  4- 6 |  7- 9 | 10-12 || total
-------------------------+-------+-------+-------+-------++-------
Melee: Unarmed           |    99 |   156 |   229 |    71 ||   555
       Punch             |       |     1 |     6 |     3 ||    10
Throw: Large rock        |       |     7 |    31 |    13 ||    51
       Throwing net      |       |     1 |       |       ||     1
       Tomahawk          |       |     7 |    28 |     5 ||    40
Invok: Stomp             |       |       |     8 |     4 ||    12
       Line Pass         |       |       |     2 |     2 ||     4
  Use: Scroll            |       |       |     5 |       ||     5
       Potion            |       |       |       |     1 ||     1
 Stab: Sleeping          |     2 |     2 |     2 |       ||     6
       Paralysed         |       |       |     8 |     4 ||    12
       Confused          |       |       |     2 |       ||     2
  Eat: Chunk             |     9 |    17 |    34 |    10 ||    70
Armor: Robe              |    44 |    28 |    51 |    38 ||   161
Dodge: Dodged            |    46 |    66 |   103 |    91 ||   306
